 Dungeon Crawl Stone Soup version 0.18.1-48-g4cf74bf (webtiles) character file.

3952 theElss the Blocker (level 10, -8/84 HPs)
             Began as a Gargoyle Berserker on July 2, 2016.
             Was an Elder of Trog.
             Mangled by a wyvern (12 damage)
             ... on level 8 of the Dungeon.
             The game lasted 00:30:16 (10515 turns).

theElss the Blocker (Gargoyle Berserker)           Turns: 10515, Time: 00:30:17

Health: -8/84      AC: 12    Str: 25    XL:     10   Next: 21%
Magic:  10/10      EV:  8    Int:  9    God:    Trog [****..]
Gold:   507        SH: 20    Dex: 17    Spells: 0 memorised, 9 levels left

rFire  + . .     SeeInvis .     a - +0 mace
rCold  . . .     Gourm    .     o - +3 scale mail {rF+}
rNeg   + . .     Faith    .     e - +0 large shield
rPois  ∞         Spirit   .     (no helmet)
rElec  +         Dismiss  .     (no cloak)
rCorr  .         Reflect  .     (no gloves)
SustAt .         Harm     .     (no boots)
MR     .....                    (no amulet)
Stlth  ..........               E - +5 ring of dexterity
                                v - ring of loudness (curse)

@: berserking, corroded, very quick, not resistant to hostile enchantments,
extremely unstealthy
A: negative energy resistance 1, electricity resistance, unbreathing,
petrification resistance, rot immunity, AC +7
a: Berserk, Trog's Hand, Brothers in Arms, Burn Spellbooks, Renounce Religion


You were on level 8 of the Dungeon.
You worshipped Trog.
Trog was greatly pleased with you.
You were hungry.

You visited 2 branches of the dungeon, and saw 9 of its levels.
You also visited: Ossuary.

You collected 507 gold pieces.

Inventory:

Hand Weapons
 a - a +0 mace (weapon)
Armour
 e - a +0 large shield (worn)
 o - a +3 scale mail of fire resistance (worn)
Jewellery
 j - an uncursed ring of protection from fire
 v - a cursed ring of loudness (left hand)
 z - an uncursed ring of sustain attributes
 E - a +5 ring of dexterity (right hand)
Wands
 n - a wand of disintegration (3/24)
 w - a wand of flame (15/48)
 x - a wand of random effects (26/48)
 F - a wand of disintegration (6/24)
Scrolls
 f - 2 scrolls of random uselessness {unknown}
 p - a scroll of remove curse
 q - 2 scrolls of magic mapping
 r - 3 scrolls of teleportation {unknown}
 s - a scroll of recharging {unknown}
 t - 3 scrolls of fog {unknown}
 y - 2 scrolls of enchant weapon {unknown}
Potions
 b - 2 potions of haste
 d - 2 potions of agility
 h - a potion of mutation
 i - 2 potions of might
 k - 3 potions of invisibility
 l - 7 potions of curing
 m - 3 potions of flight
 u - 2 potions of heal wounds
 B - 2 potions of resistance
 C - 3 potions of berserk rage {unknown}
 D - a potion of beneficial mutation {unknown}
Books
 g - a book of Alchemy

   Spells                             Type                      Level
   a - Sublimation of Blood           Necromancy                   2
   b - Ignite Poison                  Fire/Transmutation/Poison    3
   c - Petrify                        Transmutation/Earth          4
   d - Alistair's Intoxication        Transmutation/Poison         5
   e - Irradiate                      Conjuration/Transmutation    5
   Trog disapproves of the use of such an item.
 A - a book of Summonings

   Spells                             Type                      Level
   a - Recall                         Summoning/Translocation      3
   b - Aura of Abjuration             Summoning                    5
   c - Summon Demon                   Summoning                    5
   d - Summon Forest                  Summoning/Translocation      5
   e - Summon Mana Viper              Hexes/Summoning              5
   f - Shadow Creatures               Summoning                    6
   Trog disapproves of the use of such an item.
Comestibles
 c - 6 bread rations
 G - a chunk of flesh
 H - 2 beef jerkies
 I - 7 slices of pizza
 J - a royal jelly


   Skills:
 - Level 3.2 Fighting
 + Level 7.3 Maces & Flails
 - Level 2.1 Armour
 - Level 1.5 Dodging
 + Level 2.2 Stealth
 * Level 13.2 Shields


You had 9 spell levels left.
You didn't know any spells.

Dungeon Overview and Level Annotations

Branches:
Dungeon (8/15)             Temple (1/1) D:5            Lair (0/8) D:8

Altars:
Ashenzari
Dithmenos
Fedhas
Makhleb
Ru
Trog
Vehumet
Xom
Yredelemnul

Annotations:
D:4 Prince Ribbit


Innate Abilities, Weirdness & Mutations

You are resistant to torment.
Your stone body is resilient (AC +7).
You are immune to poison.
You resist negative energy.
You are resistant to electric shocks.
You can survive without breathing.
You are immune to petrification.
You are immune to rotting.


Message History

You block something's attack. You block the wyvern's attack. x2
The jelly hits you but does no damage.
You thump the jelly!
Your hands burn!
The jelly is severely wounded.
The wyvern bites you!
* * * LOW HITPOINT WARNING * * *
Something hits you but does no damage. You block the jelly's attack.
You sock the jelly!
You kill the jelly!
Trog accepts your kill. Something hits you.
* * * LOW HITPOINT WARNING * * *
The wyvern hisses menacingly.
You block the wyvern's attack. The wyvern barely misses you.
A red film seems to cover your vision as you go berserk!
You feel yourself moving faster!
You feel mighty!
You feel somewhat more hungry. Something hits you.
* * * LOW HITPOINT WARNING * * *
You block the wyvern's attack. The wyvern bites you!
You die...

#.###.. ### #.# ###
##.. ##.# # #....
#.## # .....#
######..#
......######.......##
....................#
#....l......#####.##
#?....@...### ###
#.......###
#.....>.## ..##....#
# . ##...# ## #...#
#. ..##. #. #.# # #.
#.


You could see a wyvern.

Vanquished Creatures
  Sigmund (D:6)
  A wyvern (D:7)
  A yak (D:7)
  A human (D:7)
  A hungry ghost (D:7)
  Menkaure (D:7)
  A water moccasin (D:8)
  3 sky beasts
  7 ogres
  A phantom (D:8)
  A centaur (D:5)
  5 giant frogs
  4 water moccasin zombies (Ossuary)
  A scorpion (D:6)
  2 howler monkeys
  3 crimson imps
  A quasit (D:8)
  4 orc priests
  3 hounds
  5 orc wizards
  2 centaur skeletons
  4 jellies
  Terence (D:2)
  An iguana (D:7)
  5 worker ants
  3 sheep (D:7)
  A big kobold zombie (Ossuary)
  2 hound skeletons (D:6)
  2 mummies (Ossuary)
  A howler monkey zombie (D:3)
  12 adders
  4 shadow imps
  4 adder zombies (Ossuary)
  4 worms
  3 dart slugs (D:1)
  3 giant geckos
  25 orcs
  A ball python (D:3)
  7 giant cockroaches
  5 gnoll zombies (Ossuary)
  3 hobgoblins
  3 jackals (D:4)
  6 quokkas
  8 bats
  2 giant gecko skeletons (D:6)
  8 giant newts
  7 goblins
  5 hobgoblin zombies (Ossuary)
  A jackal skeleton (D:3)
  5 kobolds
  4 kobold zombies (Ossuary)
  3 orc zombies (Ossuary)
  9 rats
201 creatures vanquished.

Vanquished Creatures (others)
  A sky beast (D:5)
1 creature vanquished.

Grand Total: 202 creatures vanquished

Notes
Turn   | Place    | Note
--------------------------------------------------------------
     0 | D:1      | theElss the Gargoyle Berserker began the quest for the Orb.
     0 | D:1      | Reached XP level 1. HP: 14/14 MP: 1/1
   411 | D:1      | Reached XP level 2. HP: 15/19 MP: 2/2
   982 | D:2      | Reached XP level 3. HP: 11/23 MP: 3/3
  1213 | D:2      | Noticed Terence
  1222 | D:2      | Killed Terence
  1222 | D:2      | Reached XP level 4. HP: 28/28 MP: 4/4
  1295 | D:2      | Reached ** piety under Trog
  1721 | D:2      | Reached skill level 5 in Maces & Flails
  2037 | D:2      | Found a sacrificial altar of Ru.
  2369 | D:3      | Reached skill level 1 in Shields
  2369 | D:3      | Reached XP level 5. HP: 13/32 MP: 5/5
  2450 | D:3      | Reached skill level 2 in Shields
  2683 | D:3      | Noticed a moth of wrath
  2686 | D:3      | Found a bloodstained altar of Trog.
  2783 | D:3      | Reached skill level 1 in Stealth
  2888 | D:3      | Reached *** piety under Trog
  3070 | D:3      | Reached skill level 3 in Shields
  3127 | D:4      | Reached XP level 6. HP: 37/37 MP: 6/6
  3182 | D:4      | Reached skill level 4 in Shields
  3760 | D:5      | Entered Level 5 of the Dungeon
  3761 | D:5      | Found a basalt altar of Yredelemnul.
  3944 | D:5      | Reached skill level 5 in Shields
  4095 | D:5      | Found a staircase to the Ecumenical Temple.
  4096 | D:5      | Noticed Prince Ribbit
  4117 | D:5      | Reached XP level 7. HP: 41/41 MP: 7/7
  4868 | D:5      | Reached skill level 6 in Shields
  5163 | D:5      | Reached **** piety under Trog
  5457 | Temple   | Entered the Ecumenical Temple
  5508 | D:5      | Reached skill level 7 in Shields
  5873 | D:5      | Reached XP level 8. HP: 28/46 MP: 8/8
  6208 | D:6      | Noticed Sigmund
  6220 | D:6      | Killed Sigmund
  6220 | D:6      | Reached skill level 8 in Shields
  6246 | D:6      | Found a blossoming altar of Fedhas.
  6832 | D:6      | Reached skill level 9 in Shields
  6866 | D:6      | Found a sand-covered staircase.
  6875 | Ossuary  | Entered an ossuary
  7208 | D:6      | Reached skill level 10 in Shields
  7208 | D:6      | Reached XP level 9. HP: 44/51 MP: 9/9
  8180 | D:6      | Found a burning altar of Makhleb.
  8181 | D:6      | Found a radiant altar of Vehumet.
  8464 | D:7      | Reached skill level 11 in Shields
  8610 | D:7      | Noticed Menkaure
  8621 | D:7      | Killed Menkaure
  8682 | D:7      | Found a shattered altar of Ashenzari.
  8909 | D:7      | Found a shimmering altar of Xom.
  9067 | D:7      | Reached skill level 12 in Shields
  9152 | D:7      | Found a shadowy altar of Dithmenos.
  9193 | D:7      | Reached XP level 10. HP: 49/56 MP: 10/10
  9824 | D:8      | Found a staircase to the Lair.
  9825 | D:8      | Found a sacrificial altar of Ru.
  9959 | D:8      | Reached skill level 13 in Shields
 10515 | D:8      | HP: 4/84 [something (5)]
 10515 | D:8      | Mangled by a wyvern

Skill      XL: |  1  2  3  4  5  6  7  8  9 10 |
---------------+-------------------------------+-----
Maces & Flails | 4 5 6 7 |  7.3
Shields        | 1 3 5 7 10 12 13 | 13.2
Stealth        | 1 2 |  2.2
Fighting       | |  3.2
Armour         | |  2.1
Dodging        | |  1.5

Action                   |  1- 3 |  4- 6 |  7- 9 | 10-12 || total
-------------------------+-------+-------+-------+-------++-------
Melee: Mace              |    60 |   408 |   722 |   171 ||  1361
Invok: Berserk           |     2 |     2 |    13 |     1 ||    18
  Use: Scroll            |       |    11 |     3 |     2 ||    16
  Eat: Chunk             |     2 |    13 |    25 |     4 ||    44
       Fruit             |       |       |     4 |       ||     4
       Meat ration       |       |       |     2 |       ||     2
       Pizza             |       |       |     2 |       ||     2
       Royal jelly       |       |       |     1 |       ||     1
Armor: Leather armour    |    43 |     1 |       |       ||    44
       Animal skin       |     1 |       |       |       ||     1
       Scale mail        |       |   188 |   277 |    82 ||   547
Dodge: Dodged            |    47 |    84 |   117 |    40 ||   288
Block: Large shield      |       |   290 |   578 |   190 ||  1058
